 Dungeon Crawl Stone Soup version 0.17-a0-1-g1f4be75 (webtiles) character file.

117355 ketsa the Bludgeoner (level 16, -1/185 HPs)
             Began as an Ogre Berserker on Feb 27, 2015.
             Was a High Priest of Trog.
             Slain by an emperor scorpion (19 damage)
             ... on level 2 of the Spider Nest on Mar 11, 2015.
             The game lasted 02:50:17 (37104 turns).

ketsa the Bludgeoner (Ogre Berserker)              Turns: 37104, Time: 02:50:18

Health: -1/185     AC:  9    Str: 27    XL:     16   Next: 73%
Magic:  9/9        EV: 19    Int:  7    God:    Trog [*****.]
Gold:   2976       SH:  0    Dex: 16    Spells: 0 memorised, 15 levels left

rFire  + . .     SeeInvis .     M - +6 eveningstar (antimagic)
rCold  + . .     Clarity  +     G - +4 troll leather armour
rNeg   + . .     SustAb   .     (shield restricted)
rPois  +         Gourm    .     (helmet restricted)
rElec  +         Spirit   .     u - +0 cloak
rCorr  +         Warding  .     (gloves unavailable)
rMut   .         Stasis   .     (boots unavailable)
MR     ++++.                    J - amulet of the Four Winds {Clar rN+ MR+++}
Stlth  +.........               O - +4 ring of dexterity
                                i - ring of poison resistance (curse)

@: lethally poisoned (-1 -> -1), exhausted, about to teleport, resistant,
slowed, very slow, incredibly resistant to hostile enchantments, very unstealthy
A: unfitting armour, deformed body, tough skin 1
a: Burn Spellbooks, Berserk, Trog's Hand, Brothers in Arms, Renounce Religion


You were on level 2 of the Spider Nest.
You worshipped Trog.
Trog was extremely pleased with you.
You were very hungry.

You visited 7 branches of the dungeon, and saw 31 of its levels.
You also visited: Labyrinth and Ice Cave.

You collected 3041 gold pieces.
You spent 65 gold pieces at shops.

Inventory:

Hand weapons
 f - a +7 great mace of venom
 w - the +4 giant club of the Abyss {crush, Noisy rC+ Int+4}
   (Trog gifted it to you on level 10 of the Dungeon)

   It inflicts extra damage upon your enemies.
   It affects your intelligence (+4).
   It protects you from cold.
   It may make noises in combat.
 C - a +5 great mace of protection
 M - a +6 antimagic eveningstar (weapon)
 Z - a +2 flail of holy wrath
Armour
 u - a +0 cloak (worn)
 G - a +4 troll leather armour (worn)
 X - a +2 robe of magic resistance
Jewellery
 i - a cursed ring of poison resistance (left hand)
 l - an uncursed amulet of guardian spirit
 n - an uncursed ring of see invisible
 F - an uncursed ring of flight
 H - an uncursed amulet of resist mutation
 J - the amulet of the Four Winds (around neck) {Clar rN+ MR+++}
   (You found it in an ice cave)

   [amulet of clarity]

   It provides mental clarity.
   It protects you from negative energy.
   It affects your resistance to hostile enchantments.
 L - an uncursed amulet of clarity
 O - a +4 ring of dexterity (right hand)
 W - an uncursed ring of invisibility
 Y - an uncursed amulet of stasis
Magical devices
 e - a wand of draining (0)
 q - a wand of paralysis (14)
 r - a wand of enslavement (10)
 z - a wand of digging (1)
 N - a wand of disintegration (14)
 U - a wand of magic darts (28)
Scrolls
 a - 3 scrolls of enchant weapon {unknown}
 b - 9 scrolls of remove curse
 g - 5 scrolls of teleportation
 h - 3 scrolls of recharging {unknown}
 j - 4 scrolls of fog
 m - a scroll of vulnerability {unknown}
 t - 2 scrolls of noise {unknown}
 y - a scroll of enchant armour
 E - a scroll of magic mapping
 I - a scroll of brand weapon
 K - a scroll of identify
 P - a scroll of immolation {unknown}
Potions
 k - a potion of flight
 o - 3 potions of haste
 p - a potion of invisibility
 s - a potion of cancellation
 v - a potion of cure mutation
 x - 3 potions of restore abilities
 A - a potion of resistance
 B - 5 potions of heal wounds
 D - 2 potions of agility
 T - 8 potions of curing
Miscellaneous
 Q - a box of beasts
Comestibles
 c - 11 meat rations
 d - 10 bread rations
 R - 9 fruits
 S - a poisonous chunk of flesh


   Skills:
 + Level 18.3 Fighting
 * Level 20.6 Maces & Flails
 - Level 2.0 Throwing
 - Level 6.3 Armour
 + Level 14.1 Dodging
 - Level 8.1 Evocations


You had 15 spell levels left.
You didn't know any spells.

Dungeon Overview and Level Annotations

Branches:
Dungeon (13/15)            Temple (1/1) D:7            Lair (8/8) D:9
 Shoals (1/5) Lair:4       Spider (3/5) Lair:5        Slime (0/6) Lair:6
    Orc (4/4) D:9             Elf (1/3) Orc:3
 Vaults: D:13-14

Altars:
Ashenzari
Cheibriados
Dithmenos
Elyvilon
Fedhas
Gozag
Kikubaaqudgha
Makhleb
Nemelex Xobeh
Okawaru
Qazlal
Ru
Sif Muna
Trog
Vehumet
Xom
Yredelemnul
Zin
The Shining One
Beogh
Jiyva

Shops:
D:8 [   Orc:1 =   Orc:4 ([*(:

Annotations:
D:8 exclusion: 2 oklob saplings
Spider:3 Aizul, Arachne


Innate Abilities, Weirdness & Mutations

You are too large for most types of armour.
You have tough skin (AC +1).
Armour fits poorly on your strangely shaped body.


Message History

You bludgeon the emperor scorpion!!
The emperor scorpion is severely wounded.
You are no longer berserk.
Trog's vigour flows through your veins.
You are exhausted.
You feel yourself slow down.
You are feeling very hungry.
You feel sick. The demonic crawler hits you.
* * * LOW HITPOINT WARNING * * *
The demonic crawler completely misses you. x2
Read which item? (? for menu, Esc to quit)
As you read the scroll of teleportation, it crumbles to dust.
You feel strangely unstable.
You feel sick. The emperor scorpion misses you. The emperor scorpion claws you.
* * * LOW HITPOINT WARNING * * *
The emperor scorpion completely misses you.
The demonic crawler completely misses you.
The demonic crawler barely misses you.
The demonic crawler completely misses you.
The emperor scorpion stings you!!
You die...

#. #^....#
###.# #.
##...## ##
. #..##
#†.# ##
##..# ....
#..(#.....y
###.s.....#
#>s..sy#..#
#@s.^### #
######


You could see an emperor scorpion, a demonic crawler, 2 orb spiders and a wasp.

Vanquished Creatures
  3 orc warlords
  An emperor scorpion (Spider:2)
  A stone giant (Orc:3)
  2 ice dragons (IceCv)
  4 hydras
  Harold (Lair:3)
  Erica (Orc:3)
  A centaur warrior (D:13)
  6 death yaks (Lair:8)
  4 orc high priests
  Urug (D:13)
  2 catoblepae
  A fire crab (Lair:5)
  Erolcha (D:12)
  4 orc knights
  2 ice statues (IceCv)
  Pikel (D:6)
  A hill giant (D:10)
  10 orb spiders
  An ugly thing (D:11)
  A griffon (Lair:4)
  7 orc sorcerers
  A manticore (Lair:4)
  An oklob plant (Lair:6)
  2 cyclopes
  3 black mambas
  3 hornets
  8 elephants
  13 wolf spiders
  Maurice (Orc:3)
  A siren (Shoals:1)
  Joseph (D:12)
  21 spiny frogs
  3 torpor snails
  2 gargoyles
  12 komodo dragons
  9 demonic crawlers
  4 fire drakes
  2 trolls
  2 polar bears
  16 jumping spiders
  A snapping turtle (Lair:4)
  3 two-headed ogres
  8 wandering mushrooms
  18 blink frogs
  4 basilisks
  10 redbacks
  14 trapdoor spiders
  22 tarantellas
  2 wyverns (D:10)
  Eustachio (D:7)
  A deep elf mage (D:12)
  2 hungry ghosts
  A mottled dragon (D:12)
  3 vampire mosquitoes
  45 yaks
  A steam dragon (Lair:5)
  13 hippogriffs
  Edmund (D:7)
  5 wargs (Orc:2)
  22 wolves
  3 slaves (D:5)
  43 orc warriors
  34 water moccasins
  2 sky beasts
  4 black bears
  15 porcupines
  2 necrophages
  2 phantoms
  14 spiders
  28 ice beasts
  4 wasps
  19 crocodiles
  A big kobold (D:8)
  11 ogres
  2 centaurs
  17 giant frogs
  6 scorpions
  15 killer bees (Lair:2)
  2 electric eels
  A centaur zombie (D:9)
  2 goliath beetles
  2 giant frog zombies
  2 crimson imps
  3 jellies
  A quasit (D:9)
  12 hounds
  4 giant frog skeletons
  Crazy Yiuf (D:4)
  4 centaur skeletons
  23 orc priests
  9 worker ants
  44 orc wizards
  9 iguanas
  35 sheep
  2 hell rats (Lair:3)
  A hound zombie (D:5)
  A hound skeleton (D:9)
  3 mummies
  47 adders
  7 gnolls
  45 river rats
  3 giant mites
  2 worms (D:3)
  3 giant geckos
  174 orcs
  15 bats
  A bat skeleton (D:6)
  3 bat zombies
  6 giant cockroaches
  16 goblins
  16 hobgoblins
  17 jackals
  13 quokkas
  5 ball pythons
  A giant cockroach zombie (D:6)
  5 giant newts
  20 kobolds
  11 rats
  A rat zombie (D:4)
  7 fungi
  6 plants
1145 creatures vanquished.

Vanquished Creatures (collateral kills)
  Asterion (Spider:1)
  A spectral weapon (Spider:1)
  A dire elephant (Lair:8)
  A minotaur (Lab)
  2 hydras
  2 death yaks (Lair:8)
  A deep troll shaman (Lair:8)
  An orb spider (Spider:1)
  A troll (Orc:2)
  A queen bee (Lair:2)
  A jumping spider (Spider:1)
  Prince Ribbit (D:7)
  2 blink frogs (Lair:3)
  2 spiders
  2 orc warriors
  A slave (D:6)
  2 ogres
  10 killer bees (Lair:2)
  An orc wizard (D:9)
  A crimson imp (D:6)
  13 orcs (D:10)
  3 jackals (D:7)
51 creatures vanquished.

Vanquished Creatures (others)
  A deep troll (Lair:2)
  A troll (Spider:3)
  A two-headed ogre (Lair:1)
  A sheep (Lair:4)
  6 fungi
  5 plants
15 creatures vanquished.

Grand Total: 1211 creatures vanquished

Notes
Turn   | Place    | Note
--------------------------------------------------------------
     0 | D:1      | ketsa, the Ogre Berserker, began the quest for the Orb.
     0 | D:1      | Reached XP level 1. HP: 24/24 MP: 1/1
    45 | D:1      | Reached XP level 2. HP: 22/32 MP: 2/2
   997 | D:1      | Acquired Trog's second power
   997 | D:1      | Reached XP level 3. HP: 40/40 MP: 3/3
  2074 | D:2      | Reached XP level 4. HP: 47/49 MP: 4/4
  2528 | D:3      | Reached skill level 5 in Maces & Flails
  2667 | D:3      | Reached skill level 5 in Fighting
  2755 | D:3      | Found a radiant altar of Vehumet.
  2996 | D:3      | Reached XP level 5. HP: 57/57 MP: 5/5
  3488 | D:4      | Reached skill level 6 in Maces & Flails
  3631 | D:4      | Reached XP level 6. HP: 61/67 MP: 6/6
  4273 | D:4      | Noticed Crazy Yiuf
  4291 | D:4      | Killed Crazy Yiuf
  4291 | D:4      | Reached skill level 7 in Maces & Flails
  4548 | D:4      | Found an ancient bone altar of Kikubaaqudgha.
  4588 | D:5      | Entered Level 5 of the Dungeon
  4601 | D:5      | Reached XP level 7. HP: 52/75 MP: 4/7
  4765 | D:5      | Found a sacrificial altar of Ru.
  4984 | D:4      | Acquired Trog's third power
  4984 | D:4      | Reached skill level 8 in Maces & Flails
  5743 | D:5      | Found a burning altar of Makhleb.
  5743 | D:5      | Noticed a green death
  5746 | D:5      | Noticed a hellwing
  5746 | D:5      | Noticed a ynoxinul
  6046 | D:5      | Found a stormy altar of Qazlal.
  6130 | D:5      | Reached skill level 9 in Maces & Flails
  6130 | D:5      | Reached XP level 8. HP: 75/84 MP: 6/8
  6382 | D:6      | Noticed Pikel
  7247 | D:6      | Killed Pikel
  7247 | D:6      | Reached skill level 10 in Maces & Flails
  7247 | D:6      | Reached skill level 5 in Dodging
  7247 | D:6      | Reached XP level 9. HP: 61/96 MP: 3/9
  7255 | D:6      | Reached skill level 11 in Maces & Flails
  7279 | D:6      | Found a bloodstained altar of Trog.
  7606 | D:6      | You fall through a shaft for 3 floors!
  7805 | D:8      | Found Straalijup's Antique Armour Shoppe.
  8050 | D:7      | Found a sparkling altar of Nemelex Xobeh.
  8076 | D:7      | Noticed Prince Ribbit
  8093 | D:7      | Killed Prince Ribbit
  8176 | D:7      | Found a staircase to the Ecumenical Temple.
  8182 | Temple   | Entered the Ecumenical Temple
  8236 | D:7      | Found a blossoming altar of Fedhas.
  8306 | D:7      | Reached skill level 12 in Maces & Flails
  8361 | D:7      | Noticed Eustachio
  8383 | D:7      | Killed Eustachio
  8545 | D:7      | Found a radiant altar of Vehumet.
  9037 | D:6      | Received a gift from Trog
  9300 | D:7      | Noticed Edmund
  9310 | D:7      | Killed Edmund
  9613 | D:8      | Noticed a wandering mushroom
  9616 | D:8      | Killed a wandering mushroom
  9616 | D:8      | Reached XP level 10. HP: 98/109 MP: 8/10
  9621 | D:8      | Noticed a wandering mushroom
  9627 | D:8      | Killed a wandering mushroom
  9627 | D:8      | Reached skill level 13 in Maces & Flails
  9734 | D:8      | Found a blossoming altar of Fedhas.
  9734 | D:8      | Noticed a wandering mushroom
  9734 | D:8      | Noticed a wandering mushroom
  9745 | D:8      | Killed a wandering mushroom
  9797 | D:8      | Killed a wandering mushroom
  9797 | D:8      | Reached skill level 10 in Fighting
 10702 | D:9      | Found a staircase to the Lair.
 11055 | D:9      | Found a staircase to the Orcish Mines.
 11075 | Orc:1    | Entered Level 1 of the Orcish Mines
 11075 | Orc:1    | Found Seureok's Jewellery Shoppe.
 11427 | D:9      | Found a glowing silver altar of Zin.
 11427 | D:9      | Found an iron altar of Okawaru.
 11427 | D:9      | Found a shattered altar of Ashenzari.
 11484 | D:9      | Reached skill level 14 in Maces & Flails
 11722 | Lair:1   | Entered Level 1 of the Lair of Beasts
 12059 | Lair:1   | Reached XP level 11. HP: 92/120 MP: 5/11
 12185 | Lair:1   | Noticed a six-headed hydra
 12193 | Lair:1   | Killed a six-headed hydra
 13059 | Lair:1   | Reached skill level 15 in Maces & Flails
 13337 | Lair:2   | Reached skill level 1 in Throwing
 13712 | Lair:2   | Received a gift from Trog
 14006 | Lair:2   | Got a transparent mace
 14008 | Lair:2   | Identified the +6 mace "Zuoblush" {antimagic, Str+2} (You found it on level 2 of the Lair of Beasts)
 14427 | Lair:2   | Reached XP level 12. HP: 113/133 MP: 1/12
 14955 | Lair:3   | Found a labyrinth entrance.
 14996 | Lab      | Entered a labyrinth
 15491 | Lab      | Noticed a minotaur
 15499 | Lab      | Killed a minotaur
 15507 | Lab      | Got a smoking hand axe
 15556 | Lair:3   | Identified the +8 hand axe "Orb Guardian's Regret" {chop, rC+ Str+4 Int-5} (You found it in a labyrinth)
 15591 | Lair:2   | Reached skill level 16 in Maces & Flails
 16076 | Lair:3   | Noticed Harold
 16096 | Lair:3   | Killed Harold
 16769 | Lair:3   | Reached skill level 10 in Dodging
 17081 | Lair:3   | Received a gift from Trog
 17212 | Lair:4   | Got an ancient robe
 17224 | Lair:4   | Identified the +2 robe of Threcih {-Tele Int+4} (You found it on level 4 of the Lair of Beasts)
 17631 | Lair:3   | Reached XP level 13. HP: 95/146 MP: 1/13
 17831 | Lair:4   | Reached skill level 17 in Maces & Flails
 18099 | Lair:4   | Found a staircase to the Shoals.
 18217 | Shoals:1 | Entered Level 1 of the Shoals
 18217 | Shoals:1 | Noticed a merfolk javelineer
 18553 | Lair:4   | Upgraded the game from 0.16-a0-4112-g89a4107 to 0.16-a0-4113-g7d8e295
 18553 | Lair:4   | Upgraded the game from 0.16-a0-4113-g7d8e295 to 0.16-a0-4115-ga5ed934
 19284 | Lair:5   | Found a hole to the Spider Nest.
 19350 | Lair:5   | Reached skill level 15 in Fighting
 19644 | Lair:5   | Received a gift from Trog
 20264 | Lair:6   | Found a viscous altar of Jiyva.
 20326 | Lair:6   | Found a staircase to the Slime Pits.
 20811 | Lair:6   | Reached skill level 1 in Evocations
 21360 | Lair:8   | Entered Level 8 of the Lair of Beasts
 21502 | Lair:7   | Received a gift from Trog
 21743 | Lair:7   | Reached skill level 18 in Maces & Flails
 21813 | Lair:7   | Reached XP level 14. HP: 154/161 MP: 6/19
 23588 | Lair:8   | Received a gift from Trog
 23963 | Lair:8   | Noticed a dire elephant
 23974 | Lair:8   | Killed a dire elephant
 24561 | Lair:1   | Reached skill level 5 in Evocations
 24596 | D:10     | Entered Level 10 of the Dungeon
 24639 | D:10     | Found a roughly hewn altar of Beogh.
 24655 | D:10     | Received a gift from Trog
 24660 | D:10     | Got a translucent giant club {god gift}
 25481 | Orc:1    | Received a gift from Trog
 25885 | Orc:2    | Received a gift from Trog
 25903 | Orc:2    | Found a roughly hewn altar of Beogh.
 25971 | Orc:2    | Found a frozen archway.
 26075 | IceCv    | Entered an ice cave
 26132 | IceCv    | Reached skill level 19 in Maces & Flails
 26469 | IceCv    | Reached XP level 15. HP: 172/172 MP: 5/24
 27314 | Orc:2    | Received a gift from Trog
 27544 | Orc:3    | Found a roughly hewn altar of Beogh.
 27553 | Orc:3    | Noticed Maurice
 27637 | Orc:3    | Found a staircase to the Elven Halls.
 27651 | Orc:4    | Entered Level 4 of the Orcish Mines
 27651 | Orc:4    | Found Crinuil's Weapon Shoppe.
 27682 | Orc:2    | Upgraded the game from 0.16-a0-4115-ga5ed934 to 0.17-a0-1-g1f4be75
 27957 | Orc:3    | Noticed Erica
 27967 | Orc:3    | Killed Erica
 28411 | Elf:1    | Entered Level 1 of the Elven Halls
 28745 | Orc:4    | Found a bloodstained altar of Trog.
 28805 | Orc:4    | Received a gift from Trog
 29131 | Orc:4    | Received a gift from Trog
 29249 | Orc:4    | Reached skill level 5 in Armour
 29259 | Orc:4    | Gained mutation: Armour fits poorly on your strangely shaped body. [a neqoxec]
 29736 | Orc:3    | Killed Maurice
 29961 | Orc:4    | Identified the +4 giant club of the Abyss {crush, Noisy rC+ Int+4} (Trog gifted it to you on level 10 of the Dungeon)
 30221 | Orc:4    | Received a gift from Trog
 30254 | Orc:4    | Found Nuatt's Antique Armour Emporium.
 30255 | Orc:4    | Found Oda Nuor's Antique Weapon Emporium.
 30256 | Orc:4    | Found Zeckasew's General Store.
 30256 | Orc:4    | Found Braumam's Book Shoppe.
 30301 | Orc:4    | Bought a potion of heal wounds for 65 gold pieces
 31757 | D:11     | Found a shimmering altar of Xom.
 31759 | D:11     | Found a shimmering altar of Xom.
 31760 | D:11     | Found a shimmering altar of Xom.
 31760 | D:11     | Found a shimmering altar of Xom.
 31760 | D:11     | Found a shimmering altar of Xom.
 32191 | D:12     | Received a gift from Trog
 32356 | D:12     | Noticed Erolcha
 32363 | D:12     | Killed Erolcha
 32487 | D:12     | Noticed Joseph
 32497 | D:12     | Killed Joseph
 32497 | D:12     | Received a gift from Trog
 32689 | D:12     | Found a blossoming altar of Fedhas.
 32900 | D:13     | Noticed Urug
 32987 | D:13     | Killed Urug
 33255 | Spider:1 | Entered Level 1 of the Spider Nest
 33383 | Lair:5   | Reached XP level 16. HP: 69/185 MP: 8/26
 33577 | Spider:1 | Noticed Asterion
 33594 | Spider:1 | Noticed a spectral weapon
 33598 | Spider:1 | Killed a spectral weapon
 33600 | Spider:1 | Killed Asterion
 34763 | Spider:1 | Received a gift from Trog
 34783 | Spider:1 | Reached skill level 20 in Maces & Flails
 36330 | Spider:2 | Received a gift from Trog
 37079 | Spider:3 | Noticed Arachne
 37084 | Spider:3 | Noticed Aizul
 37104 | Spider:2 | Slain by an emperor scorpion

Action                   |  1- 3 |  4- 6 |  7- 9 | 10-12 | 13-15 | 16-18 || total
-------------------------+-------+-------+-------+-------+-------+-------++-------
Melee: Mace              |   144 |   140 |   281 |   367 |       |       ||   932
       Flail             |       |       |   103 |   410 |       |       ||   513
       Dire flail        |       |       |       |    89 |  1211 |       ||  1300
       Great mace        |       |       |       |       |   408 |       ||   408
       Eveningstar       |       |       |       |       |   291 |   405 ||   696
Throw: Stone             |       |    10 |    10 |    28 |    14 |       ||    62
       Javelin           |       |       |       |       |    25 |    26 ||    51
Invok: Berserk           |     3 |     2 |     5 |    16 |     5 |     4 ||    35
       Trog's Hand       |       |     2 |     3 |     4 |     9 |     2 ||    20
       Brothers in Arms  |       |       |     2 |     7 |     7 |     3 ||    19
       Burn Spellbooks   |       |       |       |       |     5 |     1 ||     6
Evoke: Wand              |       |       |       |     1 |     6 |       ||     7
  Use: Scroll            |       |     8 |     1 |    20 |     9 |     5 ||    43
       Potion            |       |       |     2 |       |       |     4 ||     6
 Stab: Sleeping          |     1 |       |       |     2 |       |       ||     3
       Distracted        |       |       |       |       |     2 |       ||     2
  Eat: Chunk             |     7 |     8 |    14 |    37 |    49 |    18 ||   133
       Pizza             |       |     1 |       |       |     2 |       ||     3
       Royal jelly       |       |       |     1 |     4 |     2 |       ||     7
       Bread ration      |       |       |     1 |       |     2 |       ||     3
       Beef jerky        |       |       |     1 |       |       |       ||     1
       Fruit             |       |       |       |     4 |     3 |     2 ||     9
